AoeStats
← KaLong

Black Forest

507928853Analyzed
4v4 RM · 12d ago on Sep 20, 2026· 21m 27s· 8 players
Game mode
Random Map
Map size
Large (8 player)
Population
200
Speed
Normal
Resources
Standard
Victory
Conquest
Starting age
Dark Age
Ending age
Imperial Age
RankedLock teamsTeams togetherTeam positionsShared explorationLock speedFull tech treeHidden civsTurbo modeCheats
Victory
Defeat
🇺🇸 Italians · United States
1520
+13
🇺🇸 Turks · United States
1451
+16
🇻🇳 Mongols · Vietnam
1440
+17
🇮🇳 Vietnamese · India
1435
+17
🇫🇷 Mongols · France
1499
-18
1460
-16
🇨🇳 Franks · China
1439
-15
🇫🇷 Malay · France
1424
-14
肥肠拌面
11:54 Feudal Age
15:33 Castle Age
14:18 Double-Bit Axe
ip_lucas
1:41 Loom
13:04 Feudal Age
上京皇族·耶律·GOOD
0:53 Loom
11:10 Feudal Age
12:45 Double-Bit Axe
15:19 Castle Age
15:25 Fletching
15:47 Forging
retaux
Wolfsbane
11:37 Feudal Age
15:16 Castle Age
14:50 Fishing Lines
18:01 Double-Bit Axe
shogun
1:55 Loom
10:28 Feudal Age
12:05 Fletching
12:39 Padded Archer Armor
15:17 Wheelbarrow
17:24 Double-Bit Axe
17:56 Horse Collar
22:59 Castle Age
20:52 Gold Mining
BomBomB0
11:40 Feudal Age
15:28 Castle Age
13:45 Double-Bit Axe
13:47 Fishing Lines
15:19 Horse Collar
16:08 Gillnets
16:29 Bow Saw
20:15 Gold Mining
20:39 Fletching
KaLong
0:25 Loom
13:22 Feudal Age
17:22 Castle Age
15:30 Double-Bit Axe
Connection lost

Rejoining the realm…

Still unreachable

The connection could not be restored.

Session expired

The server has moved on; the page needs a fresh start.